 Dungeon Crawl Stone Soup version 0.29-a0-1023-g6ae1a4a2c7 (webtiles) character file.

Game seed: 17230817233821562436

190 tatocazan the Trooper (level 5, -2/63 HPs)
             Began as a Demonspawn Fighter on Aug 12, 2022.
             Slain by Grinder (6 damage)
             ... on level 3 of the Dungeon.
             The game lasted 00:03:33 (2624 turns).

tatocazan the Trooper (Demonspawn Fighter)          Turns: 2624, Time: 00:03:34

Health: -2/63      AC: 22    Str: 18    XL:     5   Next: 41%
Magic:  5/5        EV: -1    Int:  9    God:
Gold:   80         SH:  5    Dex: 13    Spells: 4/4 levels left

rFire   . . .      SeeInvis .   a - +0 war axe
rCold   + . .      Faith    .   c - +0 buckler
rNeg    . . .      Spirit   .   (body armour currently unavailable)
rPois   +          Reflect  .   (helmet currently unavailable)
rElec   .          Harm     .   (cloak currently unavailable)
rCorr   .          Rampage  .   (gloves currently unavailable)
Will    .....      NoTele   +   (boots currently unavailable)
Stlth   +.........              (no amulet)
HPRegen 0.20/turn               g - ring of protection from cold
MPRegen 0.09/turn               (no ring)

@: tree-form, grasped by roots, constricted
A: stationary, stasis, torment immunity, boosted hp, (hooves 2), ignite blood 1,
(demonic touch 1)
a: no special abilities


You were on level 3 of the Dungeon.
You were a tree.
You visited 1 branch of the dungeon, and saw 3 of its levels.

You collected 80 gold pieces.

Inventory:

Hand Weapons
 a - a +0 war axe (weapon)
Armour
 c - a +0 buckler (worn)
 e - a +0 helmet (melded)
 f - a +0 chain mail
 j - a +3 ring mail of fire resistance (melded)
Jewellery
 g - a ring of protection from cold (left branch)
Scrolls
 h - a scroll of teleportation
 k - a scroll of identify
Potions
 d - a potion of might
 i - a potion of mutation {unknown}


   Skills:
 + Level 3.8 Fighting
 * Level 3.5 Axes
 + Level 3.4 Armour
 + Level 3.4 Shields


You had 4 spell levels left.
You didn't know any spells.
Your spell library was empty.

Dungeon Overview and Level Annotations

Branches:
Dungeon (3/15)

Altars:

Shops:
D:2 ?

Annotations:
D:3 Grinder


Innate Abilities, Weirdness & Mutations

You are a tree.
Your roots penetrate the ground, keeping you stationary.
You cannot be teleported.
You are immune to unholy pain and torment.
Your maximum health is greatly increased.
Your equipment is partially melded.
((You have hoof-like feet.))
Your demonic aura sometimes causes spilled blood to erupt in flames.
((Your touch may inflict minor irresistible damage on your foes.))


Message History

You slash the adder!
You kill the adder!
Grinder zaps a wand.
The roots erupt in riotous growth!
The grasping roots grab you!
Grinder is unaffected.
The grasping roots constrict you.
You hear a shout! x2
You slash Grinder!
Grinder is severely wounded.
Grinder hits you but does no damage. The grasping roots constrict you.
Grinder rolls her eyes.
You block Grinder's attack. The grasping roots constrict you.
You take 4 damage, and have 19/63 hp.
You slash Grinder!
Grinder is almost dead.
You hear a shout!
Grinder hits you.
You writhe in agony.
* * * LOW HITPOINT WARNING * * *
The grasping roots constrict you.
You hear an angry hiss.
You take 1 damage, and have 18/63 hp.
You barely miss Grinder.
Grinder is almost dead.
Grinder blinks!
The roots lose their grip on you.
You start resting.
Grinder is nearby!
Grinder is nearby!
Grinder is nearby!
Grinder is nearby!
Grinder is nearby!
You barely miss Grinder.
Grinder is almost dead.
Grinder zaps a wand.
The roots erupt in riotous growth!
The grasping roots grab you!
Grinder is unaffected.
The now-empty wand crumbles to dust.
The grasping roots constrict you!
* * * LOW HITPOINT WARNING * * *
Grinder hits you.
* * * LOW HITPOINT WARNING * * *
You writhe in agony.
You die...

# .# .# ### #.#.... ##
##5...... .##### #♣.#
### .....# #####†#......
####.#######.......#####
#..#
................##.....
#..# ####.#####....###
...... #..##
#.##....#### ..... #..#.
#.##.#### .....#####....
# #### ###. ...#.#.. #
#.#.#..


You could see Grinder.

Vanquished Creatures
  Natasha (D:2)
  An orc wizard (D:3)
  Robin (D:2)
  5 adders
  2 worms (D:2)
  A dart slug (D:1)
  4 orcs (D:3)
  6 bats
  3 endoplasms
  6 giant cockroaches
  12 goblins
  7 hobgoblins
  3 jackals (D:2)
  3 quokkas
  5 ball pythons
  2 frilled lizards
  3 kobolds
  8 rats
73 creatures vanquished.

Notes
Turn   | Place    | Note
-------+----------+-------------------------------------------
     0 | D:1      | tatocazan the Demonspawn Fighter began the quest for the
                  | Orb.
     0 | D:1      | Reached XP level 1. HP: 18/18 MP: 1/1
   289 | D:1      | Discovered your monstrous ancestry.
   289 | D:1      | Gained mutation: You have large cloven feet. [demonic
                  | ancestry]
   289 | D:1      | Reached XP level 2. HP: 24/24 MP: 2/2
   962 | D:1      | Gained mutation: Your demonic aura sometimes causes spilled
                  | blood to erupt in flames. [demonic ancestry]
   962 | D:1      | Reached XP level 3. HP: 29/29 MP: 3/3
  1005 | D:2      | Found a faded altar of an unknown god.
  1390 | D:2      | Noticed Robin
  1402 | D:2      | Killed Robin
  1403 | D:2      | Gained mutation: You have hoof-like feet. [demonic
                  | ancestry]
  1403 | D:2      | Reached XP level 4. HP: 19/34 MP: 4/4
  1785 | D:2      | Found Porod's Magic Scroll Boutique.
  2065 | D:2      | Noticed Natasha
  2066 | D:2      | Killed Natasha
  2297 | D:3      | Gained mutation: Your touch may inflict minor irresistible
                  | damage on your foes. [demonic ancestry]
  2297 | D:3      | Reached XP level 5. HP: 41/42 MP: 5/5
  2602 | D:3      | Noticed Grinder
  2624 | D:3      | Slain by Grinder

Illustrated notes

Levels and vault maps discovered:
D:1:      dpeg_arrival_rooms_c, layout_loops_ring, minmay_heptomino_h4
D:2:      layout_basic, shapermc_ecumenical_altar_venn, serial_shops,
          nicolae_square_shop, uniq_robin, uniq_natasha
D:3:      layout_rooms, uniq_crazy_yiuf_cottage, uniq_grinder

Skill      XL: |  1  2  3  4 |
---------------+-------------+-----
Axes           | 2 3 |  3.5
Shields        | 3 |  3.4
Armour         | 3 |  3.4
Fighting       | |  3.8

Action                   |  1- 3 |  4- 6 || total
-------------------------+-------+-------++-------
Melee: War axe           |    94 |    58 ||   152
       Kick              |    19 |    13 ||    32
  Use: Scroll            |       |     4 ||     4
       Potion            |       |     2 ||     2
Armor: Scale mail        |    41 |       ||    41
       Ring mail         |    17 |    26 ||    43
       Skin              |       |    14 ||    14
Dodge: Dodged            |    45 |    26 ||    71
Block: Buckler           |    18 |    17 ||    35

Table legend: (Time is in decaauts)
 A = Elapsed time spent in this place.
 B = Non-inter-level travel time spent in this place.
 C = Inter-level travel time spent in this place.
 D = Time resting spent in this place.
 E = Time spent auto-exploring this place.
 F = Levels seen in this place.
 G = Mean time per level.
                   A        B        C        D        E       F      G
               +--------+--------+--------+--------+--------+-----+--------+
         Total |   2685 |   2616 |     69 |    312 |   1872 |   3 |  895.0 |
       Dungeon |   2685 |   2616 |     69 |    312 |   1872 |   3 |  895.0 |
               +--------+--------+--------+--------+--------+-----+--------+

Top non-repeatable levels by time:
     D:2: 1314 daAuts
     D:1: 1026 daAuts
     D:3: 345 daAuts
